 Dungeon Crawl Stone Soup version 0.29-a0-414-g5075937ec3 (webtiles) character file.

Game seed: 6185312752639790655

88 purpskrrrp the Conjurer (level 4, -5/24 HPs)
             Began as a Kobold Conjurer on May 15, 2022.
             Killed from afar by Natasha (8 damage)
             ... with a puff of flame
             ... on level 2 of the Dungeon.
             The game lasted 00:19:04 (1957 turns).

purpskrrrp the Conjurer (Kobold Conjurer)           Turns: 1957, Time: 00:19:05

Health: -5/24      AC:  3    Str:  4    XL:     4   Next: 81%
Magic:  3/8        EV: 14    Int: 21    God:
Gold:   58         SH:  0    Dex: 13    Spells: 5/8 levels left

rFire   . . .      SeeInvis .   c - +0 short sword
rCold   . . .      Faith    .   (no shield)
rNeg    . . .      Spirit   .   a - +0 robe
rPois   .          Reflect  .   (no helmet)
rElec   .          Harm     .   (no cloak)
rCorr   .          Rampage  .   e - +0 pair of gloves
Will    .....                   (no boots)
Stlth   +++.......              (no amulet)
HPRegen 0.08/turn               (no ring)
MPRegen 0.11/turn               (no ring)

@: slowed, very slow
A: small, no large weapons, nightstalker 3
a: no special abilities


You were on level 2 of the Dungeon.
You visited 1 branch of the dungeon, and saw 2 of its levels.

You collected 58 gold pieces.

Inventory:

Hand Weapons
 c - a +0 short sword (weapon)
 f - a +0 dagger
Armour
 a - a +0 robe (worn)
 e - a +0 pair of gloves (worn)
 h - a +0 scale mail
Scrolls
 d - 3 scrolls of magic mapping {unknown}
 l - a scroll of vulnerability {unknown}
 m - a scroll of teleportation {unknown}
 n - a scroll of identify {unknown}
Potions
 g - a potion of flight {unknown}
 i - 2 potions of brilliance {unknown}
 k - 2 potions of haste {unknown}


   Skills:
 + Level 0.4 Fighting
 + Level 1.2 Short Blades
 + Level 0.1 Throwing
 + Level 2.7 Dodging
 + Level 3.0 Stealth
 + Level 2.8 Spellcasting
 + Level 5.1 Conjurations


You had 5 spell levels left.
You knew the following spells:

 Your Spells              Type           Power      Damage    Failure   Level
a - Magic Dart            Conj           96%        1d7       1%          1
b - Searing Ray           Conj           48%        2d6       2%          2

Your spell library contained the following spells:

 Spells                   Type           Power      Damage    Failure   Level
 Dazzling Flash           Conj/Hex       26%        N/A       14%         3
 Fulminant Prism          Conj/Hex       6%         3d7       43%         4
 Iskenderun's Mystic Bla  Conj/Tloc      13%        2d5       43%         4
 Anguish                  Hex/Necr       1%         N/A       80%         4
 Yara's Violent Unravell  Hex/Tmut       1%         3d3       98%         5
 Ignition                 Fire           1%         3d3       100%        8


Dungeon Overview and Level Annotations

Branches:
Dungeon (2/15)

Altars:

Annotations:
D:2 Natasha


Innate Abilities, Weirdness & Mutations

You are small and have problems with some larger weapons.
You are completely attuned to the shadows.


Message History

Aiming: Magic Dart (safe; 1% risk of failure)
Press: ? - help, Shift-Dir - straight line, f - goblin
Aim: a goblin, wielding a +2 dagger of venom (strong, 100% to hit)
The magic dart hits the goblin.
The goblin is heavily wounded.
Casting: Magic Dart (safe; 1% risk of failure)
Confirm with . or Enter, or press ? or * to list all spells.
Aiming: Magic Dart (safe; 1% risk of failure)
Press: ? - help, Shift-Dir - straight line, f/p - goblin
Aim: a goblin, wielding a +2 dagger of venom (heavily wounded, strong, 100% to hit)
The magic dart hits the goblin.
You kill the goblin!
A goblin comes into view. It is wielding a +0 club.
You closely miss the goblin. The goblin hits you with a +0 club.
You barely miss the goblin. The goblin completely misses you.
You hit the goblin but do no damage. The goblin misses you.
You hit the goblin.
The goblin is heavily wounded.
The goblin hits you with a +0 club.
You hit the goblin.
You kill the goblin!
Natasha, Servant of Life and Death comes into view.
She is carrying a wand of flame (24).
Natasha hisses angrily.
Natasha casts a spell at you. The magic dart hits you.
Natasha stares at you and mumbles some strange words.
The magic dart hits you. Natasha claws you!
* * * LOW HITPOINT WARNING * * *
Natasha casts a spell.
Natasha misses you.
Natasha mumbles some strange words.
The iron imp hits you but does no damage.
Natasha stares at you and mumbles some strange words.
You feel yourself slow down. Natasha closely misses you. The iron imp hits you.
* * * LOW HITPOINT WARNING * * *
The shadow imp shouts, "Leave, thou goatish flat-headed minnow reeky!"
Natasha zaps a wand.
The puff of flame hits you!
You die...

##[.......
######....##
...........[ ##.#
#..........# .#..
#..........#####...#
####.........#...#.#
#†...........)).#
#..........5h5.))
#.....>.....@)).#
#..........[.)..#
######.........##
##.(.#...##
#########


You could see an iron imp (summoned), Natasha and a shadow imp (summoned).

Vanquished Creatures
  Natasha (D:2)
  Robin (D:2)
  2 worms (D:2)
  A dart slug (D:1)
  2 bats
  An endoplasm (D:1)
  3 giant cockroaches
  15 goblins
  3 hobgoblins (D:1)
  3 kobolds (D:1)
  A quokka (D:1)
  3 ball pythons
  4 frilled lizards
  2 rats (D:1)
42 creatures vanquished.

Notes
Turn   | Place    | Note
-------+----------+-------------------------------------------
     0 | D:1      | purpskrrrp the Kobold Conjurer began the quest for the Orb.
     0 | D:1      | Reached XP level 1. HP: 10/10 MP: 3/3
   185 | D:1      | Reached XP level 2. HP: 15/15 MP: 3/5
   947 | D:1      | Reached XP level 3. HP: 19/19 MP: 3/6
  1084 | D:1      | Learned a level 2 spell: Searing Ray
  1555 | D:2      | Noticed Natasha
  1649 | D:2      | Killed Natasha
  1650 | D:2      | Reached skill level 1 in Short Blades
  1650 | D:2      | Reached XP level 4. HP: 14/24 MP: 2/7
  1654 | D:2      | Got the Incunabulum of Blistering Execration
  1910 | D:2      | Noticed Robin
  1916 | D:2      | Killed Robin
  1917 | D:2      | Reached skill level 5 in Conjurations
  1946 | D:2      | Noticed Natasha
  1957 | D:2      | Killed from afar by Natasha

Illustrated notes

Levels and vault maps discovered:
D:1:      psy_arrival_basics, layout_basic,
          wander_ebering_terrifying_dragon_lair
D:2:      layout_rooms, shapermc_ecumenical_altar_mp_highgroup, uniq_robin,
          uniq_natasha, uniq_terence

Skill      XL: |  1  2  3  4 |
---------------+-------------+-----
Short Blades   | 1 |  1.2
Stealth        | 3 |  3.0
Conjurations   | 5 |  5.1
Fighting       | |  0.4
Throwing       | |  0.1
Dodging        | |  2.7
Spellcasting   | |  2.8

Action                   |  1- 3 |  4- 6 || total
-------------------------+-------+-------++-------
Melee: Short sword       |    32 |     9 ||    41
Throw: Dart              |     1 |     5 ||     6
 Cast: Magic Dart        |    42 |     9 ||    51
       Searing Ray       |     3 |     4 ||     7
  Use: Potion            |       |     1 ||     1
 Stab: Sleeping          |     1 |       ||     1
Armor: Robe              |     4 |     4 ||     8
Dodge: Dodged            |    27 |     8 ||    35

Table legend: (Time is in decaauts)
 A = Elapsed time spent in this place.
 B = Non-inter-level travel time spent in this place.
 C = Inter-level travel time spent in this place.
 D = Time resting spent in this place.
 E = Time spent auto-exploring this place.
 F = Levels seen in this place.
 G = Mean time per level.
                   A        B        C        D        E       F      G
               +--------+--------+--------+--------+--------+-----+--------+
         Total |   1960 |   1748 |    212 |      0 |    715 |   2 |  980.0 |
       Dungeon |   1960 |   1748 |    212 |      0 |    715 |   2 |  980.0 |
               +--------+--------+--------+--------+--------+-----+--------+

Top non-repeatable levels by time:
     D:1: 1557 daAuts
     D:2: 403 daAuts
